 Dungeon Crawl Stone Soup version 0.17-a0-1691-g18a3847 (console) character file.

1120 Monkaria the Covert (level 8, -4/32 HPs)
             Began as a Felid Chaos Knight on Aug 20, 2015.
             Slain by an orc warrior
             ... wielding a +0 hand axe
              (15 damage)
             ... on level 9 of the Dungeon.
             The game lasted 00:11:41 (10632 turns).

Monkaria the Covert (Felid Chaos Knight)           Turns: 10632, Time: 00:11:41

Health: -4/32      AC:  2    Str: 10    XL:     8   Next: 12%
Magic:  9/9        EV: 25    Int: 10    God:    Xom [..*...]
Gold:   422        SH:  0    Dex: 21    Spells: 0 memorised, 7 levels left
                                        Lives:  0   Deaths: 2

rFire  . . .     SeeInvis +       - Unarmed
rCold  . . .     Clarity  .     (armour unavailable)
rNeg   . . .     SustAt   .     (shield unavailable)
rPois  .         Gourm    .     (helmet unavailable)
rElec  .         Spirit   .     (cloak unavailable)
rCorr  .         Warding  .     (gloves unavailable)
rMut   .         Stasis   .     (boots unavailable)
MR     +....                    (no amulet)
Stlth  ++++++....               t - ring of loudness (curse)
                                s - +2 ring of dexterity

@: quick, somewhat resistant to hostile enchantments, very stealthy
A: no armour, no weapons or thrown items, antennae 1, claws 1, fangs 3, thin
skeletal structure 2, see invisible, carnivore 3, deterioration 1, dopey 2,
speed 1, frail 1, shaggy fur 2, slow metabolism 1, spit poison 1, sharp paws
a: Spit Poison, Renounce Religion


You were on level 9 of the Dungeon.
You worshipped Xom.
You were a toy of Xom.
You were full.

You visited 2 branches of the dungeon, and saw 10 of its levels.

You collected 422 gold pieces.

Inventory:

Jewellery
 b - an uncursed amulet of the gourmand
 l - an uncursed ring of flight
 s - a +2 ring of dexterity (left paw)
 t - a cursed ring of loudness (right paw)
Magical devices
 o - a wand of teleportation (9)
Scrolls
 c - 2 scrolls of teleportation
 e - 2 scrolls of fog
 g - 4 scrolls of enchant armour
 i - 2 scrolls of amnesia
 j - 2 scrolls of magic mapping
 k - a scroll of recharging
 u - 2 scrolls of identify
Potions
 d - a potion of brilliance
 f - a potion of magic
 p - a potion of berserk rage
 r - a potion of heal wounds
Books
 m - a book of Power

   Spells                             Type                      Level
   a - Fulminant Prism                Conjuration/Hexes            4
   b - Iskenderun's Mystic Blast      Conjuration                  4
   c - Venom Bolt                     Conjuration/Poison           5
   d - Bolt of Magma                  Conjuration/Fire/Earth       5
   e - Iron Shot                      Conjuration/Earth            6
   f - Orb of Destruction             Conjuration                  7
   g - Spellforged Servitor           Conjuration/Summoning        7
Comestibles
 a - 3 meat rations
 h - 8 beef jerkies
 q - a slice of pizza


   Skills:
 - Level 4.0 Fighting
 - Level 7.3 Dodging
 + Level 10.4 Stealth
 - Level 8.0 Unarmed Combat


You had 7 spell levels left.
You didn't know any spells.

Dungeon Overview and Level Annotations

Branches:
Dungeon (9/15)             Temple (1/1) D:7
   Lair: D:8-11         Orc: D:9-12

Altars:
Ashenzari
Cheibriados
Dithmenos
Elyvilon
Fedhas
Gozag
Kikubaaqudgha
Makhleb
Nemelex Xobeh
Okawaru
Qazlal
Ru
Sif Muna
Trog
Vehumet
Xom
Yredelemnul
Zin
The Shining One

Annotations:
D:8 Erolcha


Innate Abilities, Weirdness & Mutations

You cannot wear armour.
You are incapable of wielding weapons or throwing items.
You have sharp claws.
You have razor-sharp teeth.
You have supernaturally acute eyesight.
You are carnivorous and can eat meat at any time.
You cover ground quickly.
You are covered in thick fur (AC +2).
You have a slow metabolism.
Your sharp claws are effective at attacking unaware monsters.
You have a pair of small antennae on your head.
You have a moderately thin skeletal structure (Dex +4, Stealth+).
Your body sometimes deteriorates upon taking damage.
You are very dopey. (Int -4)
You are frail (-10% HP).
You can spit weak poison.


Message History

You bite the orc warrior, but do no damage.
The orc warrior is heavily wounded.
The orc warrior misses you.
You scratch the orc warrior.
The orc warrior is severely wounded.
You scratch the orc warrior but do no damage.
The orc warrior is severely wounded.
The orc warrior hits you but does no damage.
You scratch the orc warrior but do no damage.
The orc warrior is severely wounded.
The orc warrior hits you with a hand axe!
You scratch the orc warrior.
The orc warrior is severely wounded.
You barely miss the orc warrior.
The orc warrior is severely wounded.
The orc warrior hits you but does no damage.
You scratch the orc warrior but do no damage.
The orc warrior is severely wounded.
The orc warrior hits you with a hand axe!
You die...

########.# #.# ### .........# #..
... ########.# #.# #.# #.# #.#
#.# #.# #.# #.############ #.#
#.#####.#...{.oo.)..
########.#####.#...#.##.#########
...............)...........oo.o..
########.#####.#@#.#.##.#########
#.#####.#o#.#.##.###
########.#.....#.#........###
#......#.#.....#............#
#).....#.#.....###..........#####
#......#.#.....###..)............
...........................#.####
#......###.....###...............
'...........................#####


You could see an orc warrior.

Vanquished Creatures
  Sigmund (D:4)
  An eye of draining (D:8)
  A phantom (D:9)
  A wasp (D:9)
  A centaur (D:5)
  2 orc warriors
  An ogre (D:5)
  2 giant frogs
  2 scorpions
  4 hounds
  A crimson imp (D:5)
  4 jellies
  4 orc priests
  A giant frog skeleton (D:5)
  A centaur skeleton (D:7)
  7 orc wizards
  7 worker ants
  A killer bee zombie (D:8)
  2 hound skeletons
  3 gnolls
  A shadow imp (D:9)
  6 adders
  A giant eyeball (D:5)
  5 giant geckos
  16 orcs
  5 giant cockroaches
  7 hobgoblins
  2 quokkas
  A ball python (D:4)
  6 bats
  2 giant newts
  8 goblins
  2 jackals (D:3)
  6 kobolds
  9 rats
124 creatures vanquished.

Vanquished Creatures (collateral kills)
  An ogre (D:3)
1 creature vanquished.

Vanquished Creatures (others)
  An orc (D:9)
1 creature vanquished.

Grand Total: 126 creatures vanquished

Notes
Turn   | Place    | Note
--------------------------------------------------------------
     0 | D:1      | Monkaria the Felid Chaos Knight began the quest for the Orb.
     0 | D:1      | Reached XP level 1. HP: 10/10 MP: 2/2
   121 | D:1      | XOM: silly message
   176 | D:1      | XOM: vitrification
   263 | D:1      | Reached XP level 2. HP: 9/14 MP: 3/3
   439 | D:1      | XOM: vitrification
   744 | D:2      | Reached skill level 4 in Unarmed Combat
   776 | D:2      | Reached XP level 3. HP: 15/17 MP: 4/4
   826 | D:2      | Found a deep blue altar of Sif Muna.
   826 | D:2      | Found a shimmering altar of Xom.
   827 | D:2      | Found a basalt altar of Yredelemnul.
   827 | D:2      | Found a snail-covered altar of Cheibriados.
   827 | D:2      | Found a shattered altar of Ashenzari.
   836 | D:2      | XOM: harmless Hex miscast
  1101 | D:2      | XOM: divination: detect creatures
  1486 | D:2      | Reached skill level 5 in Dodging
  1486 | D:2      | Reached XP level 4. HP: 17/21 MP: 5/5
  1585 | D:2      | Found an ancient bone altar of Kikubaaqudgha.
  1596 | D:2      | XOM is BORED!
  1596 | D:2      | XOM: silly message
  1692 | D:2      | XOM: silly message
  1725 | D:2      | XOM: divination: detect creatures
  1909 | D:3      | XOM: potion effect (invisibility)
  2039 | D:3      | Reached skill level 6 in Dodging
  2314 | D:3      | XOM: scenery: 1 doors open
  2320 | D:3      | XOM: silly message
  2514 | D:3      | Noticed a giant frog
  2522 | D:3      | Killed a giant frog
  2522 | D:3      | Reached XP level 5. HP: 20/25 MP: 6/6
  2719 | D:4      | XOM: potion effect (haste)
  3033 | D:4      | Noticed an ogre
  3066 | D:4      | Noticed Sigmund
  3076 | D:4      | XOM: cast spell 'Olgreb's Toxic Radiance'
  3333 | D:3      | XOM: summons 5 friendly demons
  3335 | D:3      | HP: 1/25 [ogre/giant club (24)]
  3338 | D:3      | Killed an ogre
  3338 | D:3      | Gained mutation: You are covered in thick fur (AC +2). [Felid growth]
  3338 | D:3      | Reached XP level 6. HP: 1/28 MP: 7/7
  3572 | D:3      | XOM: vitrification
  3709 | D:4      | Killed Sigmund
  3709 | D:4      | Reached skill level 5 in Unarmed Combat
  4003 | D:4      | XOM: smoke on damage
  4030 | D:5      | Entered Level 5 of the Dungeon
  4065 | D:5      | Reached XP level 7. HP: 27/32 MP: 8/8
  4493 | D:5      | XOM: colour smoke trail
  4549 | D:5      | XOM: enchant monster (bad)
  4557 | D:5      | XOM: divination: detect creatures
  4563 | D:5      | Reached skill level 7 in Unarmed Combat
  4563 | D:5      | XOM: polymorph centaur -> giant eyeball
  4623 | D:5      | XOM: harmless Trmt miscast
  4638 | D:5      | XOM: harmless Ice miscast
  4800 | D:5      | XOM: give mutations
  4800 | D:5      | Gained mutation: You are dopey. (Int -2) [Xom's mischief]
  4800 | D:5      | Gained mutation: You are very dopey. (Int -4) [Xom's mischief]
  4992 | D:5      | XOM: summons 2 hostile shadow creatures
  4997 | D:5      | XOM: chaos cloud
  5137 | D:5      | XOM: summons 3 hostile demons
  5194 | D:5      | Reached skill level 8 in Unarmed Combat
  5617 | D:5      | XOM: severe Summ miscast
  5618 | D:5      | Noticed a worldbinder
  5618 | D:5      | Noticed a worldbinder
  5618 | D:5      | XOM: smoke on damage
  5619 | D:5      | XOM: enchant monster (bad)
  5620 | D:5      | Noticed a spiny frog
  5620 | D:5      | Noticed a blink frog
  5620 | D:5      | Noticed a yak
  5690 | D:5      | Reached XP level 8. HP: 16/36 MP: 9/9
  6066 | D:6      | XOM: silly message
  6240 | D:6      | Found a glowing golden altar of the Shining One.
  6251 | D:6      | XOM: silly message
  6253 | D:6      | Slain by an orc warrior
  6254 | D:6      | Reached XP level 7. HP: -2/32 MP: 8/8
  6264 | D:6      | Reached skill level 1 in Stealth
  6422 | D:6      | XOM: chaos upgrade
  6430 | D:6      | XOM: noise
  6892 | D:7      | XOM: stealth player
  6907 | D:7      | Found a staircase to the Ecumenical Temple.
  6930 | D:7      | Found a bloodstained altar of Trog.
  6955 | Temple   | Entered the Ecumenical Temple
  6969 | Temple   | XOM: noise
  7141 | D:7      | XOM: noise
  7482 | D:7      | XOM: god gift: scroll of teleportation
  7539 | D:7      | Found a sparkling altar of Nemelex Xobeh.
  7691 | D:7      | XOM: give mutations
  7691 | D:7      | Gained mutation: You have a pair of small antennae on your head. [Xom's grace]
  7691 | D:7      | Gained mutation: You have a somewhat thin skeletal structure (Dex +2, Stealth). [Xom's grace]
  8025 | D:7      | XOM: colour smoke trail
  8124 | D:8      | Reached skill level 5 in Stealth
  8150 | D:8      | XOM: harmless Necr miscast
  8240 | D:8      | Found a shattered altar of Ashenzari.
  8299 | D:8      | XOM: summons friendly quasit
  8322 | D:8      | XOM: butterfly on damage
  8523 | D:8      | XOM: vitrification
  8637 | D:8      | Noticed Erolcha
  8833 | D:8      | XOM: 2-stop teleportation journey
  8850 | D:8      | Noticed a deep elf mage
  8997 | D:8      | XOM: enchant monster (good)
  8997 | D:8      | XOM: butterfly on damage
  9000 | D:8      | XOM: noise
  9046 | D:9      | XOM is BORED!
  9046 | D:9      | XOM: medium Conj miscast
  9046 | D:9      | Killed by the capriciousness of Xom
  9047 | D:9      | Reached XP level 6. HP: 11/28 MP: 7/7
  9115 | D:9      | Found a radiant altar of Vehumet.
  9122 | D:9      | XOM: vitrification
  9144 | D:9      | Reached XP level 7. HP: 12/32 MP: 8/8
  9409 | D:9      | XOM: silly message
  9431 | D:9      | Found an iron altar of Okawaru.
  9435 | D:9      | Found a glowing silver altar of Zin.
  9435 | D:9      | Found a sparkling altar of Nemelex Xobeh.
  9435 | D:9      | Found a shadowy altar of Dithmenos.
  9436 | D:9      | Found a sacrificial altar of Ru.
  9896 | D:9      | XOM: summons 3 friendly demons
  9900 | D:9      | Reached skill level 9 in Stealth
 10149 | D:9      | XOM: give mutations
 10149 | D:9      | Gained mutation: You are frail (-10% HP). [Xom's mischief]
 10149 | D:9      | Gained mutation: You have a moderately thin skeletal structure (Dex +4, Stealth+). [Xom's mischief]
 10149 | D:9      | Gained mutation: You can spit weak poison. [Xom's mischief]
 10149 | D:9      | Gained mutation: Your body sometimes deteriorates upon taking damage. [Xom's mischief]
 10223 | D:9      | Reached skill level 10 in Stealth
 10223 | D:9      | Reached XP level 8. HP: 30/32 MP: 9/9
 10305 | D:9      | XOM: mild Chrm miscast
 10319 | D:9      | XOM: butterfly on damage
 10330 | D:9      | XOM: destruction
 10332 | D:9      | XOM: fake destruction
 10389 | D:9      | XOM: vitrification
 10571 | D:9      | XOM: cast spell 'Dragon Form'
 10632 | D:9      | Slain by an orc warrior

Vault maps used:
D:1:      grunt_arrival_crossed_arrows, st_stairs_8
D:2:      grunt_temple_overflow_open, nicolae_overflow_hidden_temple,
          first_bread
D:4:      kennysheep_nondescript, hex_medium, uniq_sigmund
D:6:      minmay_tree_intersection, tso_metal_star
D:7:      bloody_trog, minmay_temple_entry_enclosed_plants, basic_altar
D:8:      serial_shops, shop, the_bakery, supply_closet_lemuel,
          ashenzari_altar_1, uniq_erolcha
D:9:      minitemple, vehumet_crystals
Temple:   circular_temple_6

Action                   |  1- 3 |  4- 6 |  7- 9 || total
-------------------------+-------+-------+-------++-------
Melee: Unarmed           |    88 |   162 |   315 ||   565
  Use: Scroll            |       |    10 |     3 ||    13
       Potion            |       |     4 |     7 ||    11
 Stab: Sleeping          |     8 |     4 |     7 ||    19
       Invisible         |       |     5 |       ||     5
  Eat: Chunk             |     8 |     5 |    20 ||    33
